 Dungeon Crawl Stone Soup version 0.30.1-11-g7821555f0a (webtiles) character file.

Game seed: 10569668342880388370

543 KittyFluff the Cudgeller (level 7, -1/44 HPs)
             Began as a Gargoyle Berserker on Nov 8, 2023.
             Was a Believer of Trog.
             Killed by divine providence
             ... invoked by an orc priest
              (15 damage)
             ... on level 4 of the Dungeon.
             The game lasted 00:10:49 (2907 turns).

KittyFluff the Cudgeller (Gargoyle Berserker)       Turns: 2907, Time: 00:10:50

Health: -1/44      AC:  8    Str: 22    XL:     7   Next: 27%
Magic:  7/7        EV: 12    Int:  8    God:    Trog [**....]
Gold:   171        SH:  0    Dex:  9    Spells: 6/6 levels left

rFire   . . .        a - +0 mace
rCold   . . .        (no shield)
rNeg    + . .        l - +0 leather armour
rPois   ∞            (no helmet)
rElec   +            (no cloak)
rCorr   +            (no gloves)
SInv    .            (no boots)
Will    .....        (no amulet)
Stlth   ++           v - ring of resist corrosion
HPRegen 0.27/turn    (no ring)
MPRegen 0.10/turn

%: no passive effects
@: no status effects
A: sickness immunity, AC +4, negative energy resistance 1, electricity
resistance, torment resistance 1, petrification resistance
a: Renounce Religion, Berserk, Trog's Hand


You were on level 4 of the Dungeon.
You worshipped Trog.
Trog was pleased with you.
You visited 1 branch of the dungeon, and saw 4 of its levels.

You collected 171 gold pieces.

Inventory:

Hand Weapons
 a - a +0 mace (weapon)
 x - a +0 quarterstaff
Missiles
 u - 3 javelins (quivered)
 w - 3 poisoned darts
Armour
 l - a +0 leather armour (worn)
Jewellery
 v - a ring of resist corrosion (left hand)
Wands
 p - a wand of roots (8)
 y - a wand of flame (1)
Scrolls
 d - 3 scrolls of blinking {unknown}
 g - 2 scrolls of immolation {unknown}
 i - 3 scrolls of poison {unknown}
 j - 2 scrolls of teleportation {unknown}
 k - a scroll of amnesia {unknown}
 m - a scroll of fear {unknown}
 s - a scroll of silence {unknown}
 t - a scroll of brand weapon {unknown}
 z - a scroll of torment {unknown}
Potions
 b - a potion of curing
 c - a potion of cancellation
 e - 3 potions of might
 f - 2 potions of mutation
 h - a potion of lignification
 n - a potion of attraction {unknown}
 o - a potion of resistance {unknown}
 q - 2 potions of brilliance {unknown}
 r - a potion of heal wounds {unknown}


   Skills:
 + Level 4.4 Fighting
 * Level 5.0 Maces & Flails
 * Level 4.9 Armour
 + Level 2.7 Dodging
 + Level 3.0 Stealth


You had 6 spell levels left.
You didn't know any spells.
Your spell library was empty.

Dungeon Overview and Level Annotations

Branches:
Dungeon (4/15)
 Temple: D:4-7

Altars:
Ashenzari


Innate Abilities, Weirdness & Mutations

You are immune to sickness and miasma.
Your stone body is resilient. (AC +4)
You are immune to poison.
You resist negative energy. (rN+)
You are resistant to electric shocks. (rElec)
You are resistant to unholy torment.
You are immune to petrification.


Message History

The orc priest mumbles some strange prayers to Beogh against you.
Pain shoots through your body!
The orc priest invokes the aid of Beogh against you.
Beogh smites you!
You hit the orc.
The orc is almost dead.
The orc priest misses you. The orc barely misses you.
The orc priest misses you.
You completely miss the orc.
The orc is almost dead.
The orc priest misses you. x2; The orc hits you but does no damage.
You hit the orc.
You kill the orc!
Trog accepts your kill.
The orc priest calls down the wrath of Beogh upon you.
Beogh smites you!
The orc priest hits you but does no damage.
You barely miss the orc priest. The orc priest misses you.
The orc priest closely misses you.
You completely miss the orc priest.
The orc priest hits you but does no damage.
The orc priest closely misses you.
The orc priest hits you but does no damage.
The orc priest calls down the wrath of Beogh upon you.
You struggle to resist.
You closely miss the orc priest.
The orc priest hits you with a +0 short sword.
The orc priest casts a cantrip, but nothing happens.
You hit the orc priest.
The orc priest is moderately wounded.
The orc priest hits you but does no damage. x2
You hit the orc priest.
The orc priest is heavily wounded.
The orc priest hits you with a +0 short sword.
The orc priest completely misses you.
You hit the orc priest.
The orc priest is heavily wounded.
The orc priest calls down the wrath of Beogh upon you.
Beogh smites you!
You die...

...# #.# .# . ... ..###..## ..
..##....#...### ...
.............### #####.. .##..##
#..# ..#.......#
#.....##.##....##.####...#......
#.....##.# #..s....#.....)....
#.....##.# ###o#......#.......
#.....##.# ###@o###....#.......
#.....##.####.))## ###.###......
##......#....)..## #.# #..[...
.............)..# ###.###......
.#..#..#........# #.....#......
....######......# #.....#...<..
...#.._.#.#.....# #.......#####
.###......#....## #.....###
#....#.#..###..# #######


You could see a scorpion and 2 orc priests.

Vanquished Creatures
  Grinder (D:3)
  Sigmund (D:3)
  An iguana (D:4)
  Terence (D:3)
  7 adders
  A worm (D:2)
  2 dart slugs
  3 orcs
  2 bats (D:3)
  4 endoplasms
  5 giant cockroaches
  13 goblins
  4 hobgoblins
  3 jackals (D:4)
  6 quokkas
  3 ball pythons
  3 frilled lizards
  8 kobolds
  3 rats
71 creatures vanquished.

Notes
Turn   | Place    | Note
-------+----------+-------------------------------------------
     0 | D:1      | KittyFluff the Gargoyle Berserker began the quest for the
                  | Orb.
     0 | D:1      | Reached XP level 1. HP: 14/14 MP: 1/1
   192 | D:1      | Reached XP level 2. HP: 17/19 MP: 2/2
   831 | D:2      | Reached XP level 3. HP: 20/23 MP: 3/3
  1148 | D:2      | Reached skill level 1 in Stealth
  1260 | D:2      | Reached ** piety under Trog
  1547 | D:3      | Reached XP level 4. HP: 27/28 MP: 4/4
  1820 | D:3      | Noticed Sigmund
  1838 | D:3      | Killed Sigmund
  1839 | D:3      | Reached skill level 4 in Maces & Flails
  1839 | D:3      | Reached XP level 5. HP: 7/33 MP: 5/5
  1839 | D:3      | Reached XP level 6. HP: 8/38 MP: 6/6
  1973 | D:3      | Noticed Terence
  1998 | D:3      | Killed Terence
  2292 | D:3      | Noticed Grinder
  2298 | D:3      | Paralysed by Grinder for 2 turns
  2303 | D:3      | Paralysed by Grinder for 4 turns
  2313 | D:3      | Killed Grinder
  2314 | D:3      | Reached XP level 7. HP: 42/44 MP: 7/7
  2681 | D:4      | Found a broken altar of Ashenzari.
  2699 | D:4      | Reached skill level 5 in Maces & Flails
  2907 | D:4      | Killed from afar by an orc priest

Illustrated notes

Levels and vault maps discovered:
D:1:      dpeg_arrival_tiny_f, layout_basic
D:2:      layout_basic, minmay_misc_feat_chi, kennysheep_small_spiral
D:3:      layout_loops_cross, uniq_sigmund, uniq_grinder, uniq_terence
D:4:      layout_rooms, chequers_serial_rivers_micro_c, minmay_ruined_shrine

Skill      XL: |  1  2  3  4  5  6  7 |
---------------+----------------------+-----
Stealth        | 1 2 3 |  3.0
Armour         | 3 4 |  4.9
Dodging        | 2 |  2.7
Fighting       | 4 |  4.4
Maces & Flails | 4 5 |  5.0

Action                     |  1- 3 |  4- 6 |  7- 9 || total
---------------------------+-------+-------+-------++-------
  Melee: Mace              |   115 |   115 |    78 ||   308
         Punch             |     1 |     2 |       ||     3
 Invoke: Berserk           |       |     1 |       ||     1
    Use: Scroll            |       |     5 |       ||     5
   Stab: Sleeping          |     1 |     1 |     1 ||     3
 Armour: Animal skin       |    12 |       |       ||    12
         Leather armour    |    18 |    50 |    46 ||   114
  Dodge: Dodged            |    64 |    62 |    69 ||   195
